 Dungeon Crawl Stone Soup version 0.29.1-2-gbd0b4ee654 (webtiles) character file.

Game seed: 4257548509485471626

53788 hawla the Eclecticist (level 15, -4/171 HPs)
             Began as a Meteoran Ice Elementalist on Oct 25, 2022.
             Was a High Priest of Vehumet.
             Slain by a bog body (6 damage)
             ... on level 3 of the Swamp.
             The game lasted 01:06:15 (9738 turns).

hawla the Eclecticist (Meteoran Ice Elementalist)   Turns: 9738, Time: 01:06:16

Health: -4/171     AC: 27    Str: 10    XL:     15   Next: 52%
Magic:  5/46       EV:  2    Int: 26    God:    Vehumet [*****.]
Gold:   988        SH:  0    Dex: 23    Spells: 14/48 levels left

rFire   + . .      SeeInvis +   b - +5 scimitar of Parts Unknown {protect, Dex+5 SInv}
rCold   + + .      Faith    .   (no shield)
rNeg    . . .      Spirit   .   (body armour currently unavailable)
rPois   +          Reflect  .   (helmet currently unavailable)
rElec   +          Harm     .   (cloak currently unavailable)
rCorr   +          Rampage  .   (gloves currently unavailable)
Will    ++...      NoTele   +   (boots currently unavailable)
Stlth   +.........              c - amulet of the acrobat
HPRegen 0.38/turn               E - ring of the Hare {EV+8}
MPRegen 0.30/turn               O - ring of the Townfolk {rC+ Will+ MP+9 Int+2}

@: tree-form, resistant, glowing
A: stationary, stasis, torment immunity, boosted hp, sense surroundings 2,
otherworldly, glowing, explore regen, agile 1, (fire resistance 1)
a: Renounce Religion


You were on level 3 of the Swamp.
You worshipped Vehumet.
Vehumet was extremely pleased with you.
You were a tree.
You visited 4 branches of the dungeon, and saw 19 of its levels.
You also visited: Sewer.

You collected 1477 gold pieces.
You spent 489 gold pieces at shops.

Inventory:

Hand Weapons
 b - the +5 scimitar of Parts Unknown (weapon) {protect, Dex+5 SInv}
   (You acquired it on level 4 of the Dungeon)

   It grants its wielder temporary protection when it strikes (+7 to AC).
   Dex:       It affects your dexterity (+5).
   SInv:      It lets you see invisible.
Armour
 e - a +1 pair of boots (melded)
 q - a +2 helmet of intelligence (melded)
 u - a +1 cloak of willpower (melded)
 y - a +1 robe of willpower (melded)
 D - a +1 pair of gloves (melded)
Jewellery
 c - an amulet of the acrobat (around neck)
 h - a ring of protection from cold
 o - a +6 ring of strength
 x - a +4 ring of protection
 E - the ring of the Hare (left branch) {EV+8}
   (You found it on level 10 of the Dungeon)

   [ring of evasion]

   EV:        It affects your evasion (+8).
 J - a ring of resist corrosion
 O - the ring of the Townfolk (right branch) {rC+ Will+ MP+9 Int+2}
   (You found it on level 2 of the Lair of Beasts)

   [ring of protection from cold]

   Int:       It affects your intelligence (+2).
   rC:        It protects you from cold.
   MP:        It affects your magic capacity (+9).
   Will:      It increases your willpower.
Wands
 f - a wand of polymorph (9)
 j - a wand of flame (26) (quivered)
 r - a wand of quicksilver (25)
 s - a wand of digging (6)
 A - a wand of iceblast (9)
 G - a wand of paralysis (6)
Scrolls
 a - 2 scrolls of identify
 d - 6 scrolls of enchant weapon
 i - 3 scrolls of blinking
 l - 3 scrolls of butterflies
 w - 7 scrolls of fear
 z - a scroll of teleportation
 B - 2 scrolls of enchant armour
 C - 2 scrolls of magic mapping
 H - a scroll of amnesia
 I - a scroll of brand weapon
Potions
 g - 2 potions of cancellation
 k - 6 potions of curing
 m - 2 potions of flight
 n - 4 potions of heal wounds
 p - 4 potions of might
 t - 4 potions of haste
 F - 3 potions of brilliance
Miscellaneous
 K - a box of beasts
 L - a lightning rod (4/4)


   Skills:
 - Level 5.6 Fighting
 - Level 10.4 Long Blades
 - Level 6.2 Dodging
 - Level 1.5 Stealth
 - Level 17.2 Spellcasting
 - Level 6.2 Conjurations
 + Level 1.9 Necromancy
 - Level 1.6 Transmutations
 - Level 17.2 Ice Magic
 + Level 4.9 Earth Magic
 - Level 5.1 Poison Magic
 - Level 2.0 Evocations


You had 14 spell levels left.
You knew the following spells:

 Your Spells              Type           Power      Damage    Failure   Level
a - Irradiate             Conj/Tmut      21%        3d18      3%          5
b - Frozen Ramparts       Ice            100%       1d16      0%          3
c - Hailstorm             Conj/Ice       70%        3d15      1%          4
d - Ozocubu's Refrigerat  Ice            42%        4d16      1%          7
e - Olgreb's Toxic Radia  Pois           49%        N/A       1%          4
f - Iron Shot             Conj/Erth      25%        9d5       10%         6
g - Borgnjor's Vile Clut  Necr/Erth      20%        N/A       16%         5

Your spell library contained the following spells:

 Spells                   Type           Power      Damage    Failure   Level
 Freeze                   Ice            100%       1d11      0%          1
 Ozocubu's Armour         Ice            84%        N/A       0%          3
 Ensorcelled Hibernation  Hex/Ice        100%       N/A       1%          2
 Passwall                 Tmut/Erth      32%        N/A       1%          2
 Poisonous Vapours        Pois/Air       70%        N/A       1%          2
 Sublimation of Blood     Necr           32%        N/A       1%          2
 Ice Form                 Ice/Tmut       64%        N/A       1%          4
 Summon Ice Beast         Ice/Summ       61%        N/A       1%          4
 Iskenderun's Battlesphe  Conj           53%        2d10      1%          5
 Metabolic Englaciation   Hex/Ice        30%        N/A       1%          5
 Lee's Rapid Deconstruct  Erth           24%        3d14*     2%          5
 Fireball                 Conj/Fire      19%        3d9       4%          5
 Petrify                  Tmut/Erth      39%        N/A       5%          4
 Swiftness                Air            22%        N/A       7%          3
 Simulacrum               Ice/Necr       32%        N/A       7%          6
 Leda's Liquefaction      Hex/Erth       17%        N/A       8%          4
 Corpse Rot               Necr/Pois/Air  34%        N/A       9%          4
 Animate Dead             Necr           32%        N/A       10%         4
 Summon Lightning Spire   Summ/Air       22%        N/A       22%         4
 Conjure Ball Lightning   Conj/Air       19%        3x3d6     24%         6
 Orb of Destruction       Conj           26%        9d9       34%         7
 Polar Vortex             Ice            42%        N/A       41%         9
 Summon Mana Viper        Hex/Summ       22%        N/A       52%         5
 Statue Form              Tmut/Erth      26%        N/A       65%         6
 Death Channel            Necr           16%        N/A       83%         6
 Monstrous Menagerie      Summ           11%        N/A       100%        7
 Storm Form               Tmut/Air       13%        N/A       100%        7
 Ignition                 Fire           11%        3d5       100%        8
 Maxwell's Capacitive Co  Air            11%        ∞         100%        8


Dungeon Overview and Level Annotations

Branches:
Dungeon (13/15) Zot: 191   Temple (1/1) D:5 Zot: 416    Lair (2/5) D:9 Zot: 162
  Swamp (3/4) Lair:2 Zot: 937   Sewer (visited)
  Snake: Lair:2-3    Spider: Lair:2-3       Orc: D:9-12      Vaults: D:13-14

Altars:
Ashenzari
Cheibriados
Elyvilon
Fedhas
Kikubaaqudgha
Makhleb
Okawaru
Qazlal
Ru
Sif Muna
Uskayaw
Vehumet
Wu Jian
Xom
Yredelemnul
The Shining One

Shops:
D:5 [   D:9 ?   D:11 !

Annotations:
D:11 3 runed translucent doors, miserystealer's ghost, journeyman TeAE


Innate Abilities, Weirdness & Mutations

You are a tree.
Your roots penetrate the ground, keeping you stationary.
You cannot be teleported.
You are immune to unholy pain and torment.
Your maximum health is greatly increased.
Your equipment is partially melded.
You passively map the area around you.
You are easily found by Zot.
You glow in the dark.
You regain HP and MP as you explore.
You are agile. (Dex +4, Str/Int -1)
((Your flesh is heat resistant. (rF+)))


Message History

The alligator bites you but does no damage.
The alligator tail-slaps you but does no damage.
The spriggan rider hits you but does no damage.
You feel much better. The eight-headed hydra bites you! x2
* * * LOW HITPOINT WARNING * * *
The eight-headed hydra bites you!
* * * LOW HITPOINT WARNING * * *
The eight-headed hydra completely misses you.
The eight-headed hydra bites you.
* * * LOW HITPOINT WARNING * * *
The eight-headed hydra bites you.
* * * LOW HITPOINT WARNING * * *
The eight-headed hydra completely misses you.
The eight-headed hydra bites you but does no damage.
The alligator bites you!
* * * LOW HITPOINT WARNING * * *
The alligator tail-slaps you but does no damage.
The spriggan rider hits you from afar with a +0 spear!
* * * LOW HITPOINT WARNING * * *
The spriggan rider hits you but does no damage.
Unknown command.
Okay, then.
As you read the scroll of fear, it crumbles to dust.
You assume a fearsome visage.
The five-headed hydra looks frightened!
The alligator looks frightened! x2; The goliath frog looks frightened!
The spriggan rider easily resists.
The spriggan rider resists with almost no effort.
The eight-headed hydra resists with almost no effort.
The bog body is unaffected.
The hornet looks frightened!
The eight-headed hydra bites you but does no damage. x2
The eight-headed hydra barely misses you.
The eight-headed hydra bites you but does no damage.
The eight-headed hydra bites you!
* * * LOW HITPOINT WARNING * * *
The eight-headed hydra bites you but does no damage.
The eight-headed hydra bites you.
* * * LOW HITPOINT WARNING * * *
The eight-headed hydra bites you but does no damage.
The bog body touches you.
You die...

** ♣♣♣♣* *
,,♣♣♣..~♣♣♣
...~~~.~♣♣
...~~F~~.♣♣ ,
..y)~~~.t.♣♣♣
, ,
♣.~~†~~iD.~~♣
~♣.~§~~it♣.♣♣
♣♣.~~~Dn<..♣♣
,~ , **
♣♣~♣♣♣.~~~.♣
, * ♣♣*
♣.~~~.♣ *
♣♣~~~♣♣ ~
♣♣♣♣♣ ,, ~ ,*
, , , ~ ~ ,


You could see 2 alligators, an eight-headed hydra, a five-headed hydra
(fleeing), 2 spriggan riders, a goliath frog (fleeing), a bog body and a hornet
(fleeing).

Vanquished Creatures
  Frances (Swamp:2)
  A thorn hunter (Swamp:2)
  A fenstrider witch (Swamp:2)
  The ghost of Fuivviy the Fighter, a journeyman PaAM of Zin (Lair:2)
  An eleionoma (Swamp:1)
  2 bunyips
  A minotaur (Lair:2)
  Snorg (D:12)
  A shambling mangrove (Swamp:2)
  8 hydras
  2 ogre magi (D:10)
  A ghost crab (Swamp:3)
  4 alligators
  A radroach (D:9)
  A two-headed ogre (D:10)
  4 centaur warriors
  5 goliath frogs
  Lodul (D:13)
  3 bog bodies
  Pikel (D:4)
  A deep elf pyromancer (D:12)
  An oklob plant (Lair:2)
  An orc knight (D:10)
  A will-o-the-wisp (Swamp:3)
  3 cyclopes
  2 black mambas (Lair:2)
  7 cane toads
  A gargoyle (D:10)
  An unseen horror (D:11)
  A rime drake (Lair:2)
  5 komodo dragons
  4 hornets
  5 trolls
  5 tyrant leeches
  A polar bear (Lair:2)
  13 slime creatures
  3 blink frogs (Lair:2)
  3 shadows
  2 spriggans
  2 wraiths
  A human (D:4)
  29 yaks
  A basilisk (Lair:1)
  11 vampire mosquitoes
  A steam dragon (D:10)
  9 swamp worms
  Duvessa (D:5)
  An acid dragon (D:10)
  4 swamp drakes
  7 water moccasins
  4 orc warriors
  6 ice beasts
  Pargi (Sewer)
  A black bear (D:5)
  A sky beast (D:8)
  A boggart (D:10)
  6 wolves (Lair:2)
  7 ogres
  4 centaurs
  4 lemures (D:4)
  2 phantoms
  2 kobold brigands
  A gnoll sergeant (D:5)
  2 necrophages
  8 bullfrogs
  7 scorpions
  9 wights
  Dowan (D:5)
  2 killer bees (D:10)
  13 howler monkeys
  4 electric eels (D:10)
  A human zombie (D:4)
  3 hounds
  5 orc priests
  2 jellies
  Jessica (D:2)
  A human skeleton (D:4)
  4 iguanas
  8 orc wizards
  3 ogre zombies (D:10)
  5 gnolls (D:5)
  11 adders
  A shadow imp (D:7)
  2 white imps (D:5)
  2 worms
  2 dart slugs
  33 orcs
  7 ball pythons
  5 endoplasms
  6 giant cockroaches
  6 goblins
  9 hobgoblins
  3 jackals
  15 kobolds
  7 quokkas
  4 bats (D:1)
  4 frilled lizards
  A goblin zombie (D:10)
  An orc skeleton (D:10)
  5 orc zombies (D:10)
  5 rats
  14 briar patches (Swamp:2)
430 creatures vanquished.

Vanquished Creatures (others)
  5 foxfires (Swamp:3)
  12 fungi
  29 plants
46 creatures vanquished.

Grand Total: 476 creatures vanquished

Notes
Turn   | Place    | Note
-------+----------+-------------------------------------------
     0 | D:1      | hawla the Meteoran Ice Elementalist began the quest for the
                  | Orb.
     0 | D:1      | Reached XP level 1. HP: 14/14 MP: 5/5
    61 | D:1      | Reached XP level 2. HP: 16/20 MP: 3/6
   239 | D:1      | Reached XP level 3. HP: 26/26 MP: 4/8
   274 | D:1      | Reached skill level 5 in Ice Magic
   500 | D:1      | Glimpsed the power of Zot.
   566 | D:2      | Learned a level 3 spell: Frozen Ramparts
   633 | D:2      | Found a faded altar of an unknown god.
   640 | D:2      | Reached XP level 4. HP: 33/33 MP: 3/10
   900 | D:2      | Learned a level 4 spell: Hailstorm
   914 | D:2      | Reached XP level 5. HP: 38/38 MP: 5/11
   962 | D:2      | Noticed Jessica
   965 | D:2      | Killed Jessica
  1100 | D:2      | Glimpsed the power of Zot.
  1375 | D:3      | Found a glowing drain.
  1383 | Sewer    | Entered a sewer
  1388 | Sewer    | Noticed Pargi
  1401 | Sewer    | Killed Pargi
  1402 | Sewer    | Reached skill level 1 in Conjurations
  1402 | Sewer    | Reached XP level 6. HP: 26/45 MP: 6/12
  1722 | D:3      | Found a blossoming altar of Fedhas.
  1760 | D:3      | Found a stormy altar of Qazlal.
  1859 | D:3      | Glimpsed the power of Zot.
  1890 | D:4      | Identified a scroll of acquirement
  1890 | D:4      | Acquired the +5 scimitar of Parts Unknown {protect, Dex+5
                  | SInv}
  1936 | D:4      | Noticed Pikel
  1942 | D:4      | Reached XP level 7. HP: 27/50 MP: 8/13
  1946 | D:4      | Gained mutation: You are dopey. (Int -2) [potion of
                  | mutation]
  1946 | D:4      | Gained mutation: You passively map the area around you.
                  | [potion of mutation]
  1948 | D:4      | Killed Pikel
  1949 | D:4      | Reached XP level 8. HP: 17/57 MP: 4/14
  2114 | D:4      | Found a runed translucent door.
  2114 | D:4      | Noticed a human
  2145 | D:4      | Found a basalt altar of Yredelemnul.
  2161 | D:4      | Killed a human
  2162 | D:4      | Reached skill level 10 in Ice Magic
  2235 | D:4      | Found a sacrificial altar of Ru.
  2442 | D:4      | Glimpsed the power of Zot.
  2446 | D:5      | Entered Level 5 of the Dungeon
  2452 | D:5      | Found a staircase to the Ecumenical Temple.
  2478 | Temple   | Entered the Ecumenical Temple
  2618 | Temple   | Became a worshipper of Vehumet
  2704 | D:5      | Mutation became permanent: You passively map a small area
                  | around you. [Meteoran growth]
  2704 | D:5      | Gained mutation: You passively map the area around you.
                  | [Meteoran growth]
  2704 | D:5      | Reached XP level 9. HP: 62/62 MP: 6/15
  2704 | D:5      | Lost mutation: You are dopey. (Int -2) [potion of mutation]
  2704 | D:5      | Gained mutation: You are agile. (Dex +4, Str/Int -1)
                  | [potion of mutation]
  2704 | D:5      | Gained mutation: Your flesh is heat resistant. (rF+)
                  | [potion of mutation]
  2751 | D:5      | Found a burning altar of Makhleb.
  2828 | D:5      | Found Pittec's Antique Armour Boutique.
  2836 | D:5      | Bought a runed helmet for 157 gold pieces
  2836 | D:5      | Bought a glowing cloak for 157 gold pieces
  2899 | D:5      | Reached skill level 1 in Evocations
  2936 | D:5      | Noticed Duvessa
  2936 | D:5      | Noticed Dowan
  2939 | D:5      | Killed Dowan
  2941 | D:5      | Killed Duvessa
  2978 | D:5      | Reached skill level 1 in Long Blades
  2990 | D:5      | Reached skill level 1 in Fighting
  3216 | D:5      | Glimpsed the power of Zot.
  3258 | D:6      | Reached skill level 5 in Spellcasting
  3259 | D:6      | Reached * piety under Vehumet
  3259 | D:6      | Offered knowledge of Shock by Vehumet.
  3314 | D:6      | Reached XP level 10. HP: 73/73 MP: 15/18
  4034 | D:7      | Offered knowledge of Magic Dart by Vehumet.
  4235 | D:7      | Reached ** piety under Vehumet
  4263 | D:7      | Reached skill level 5 in Long Blades
  4403 | D:7      | Glimpsed the power of Zot.
  4623 | D:8      | Offered knowledge of Ignite Poison by Vehumet.
  4739 | D:8      | Reached *** piety under Vehumet
  4787 | D:8      | Identified the +2 kite shield "Esoanlosm" {Dex+2}
  4845 | D:8      | Found an ancient bone altar of Kikubaaqudgha.
  4992 | D:9      | Reached XP level 11. HP: 78/80 MP: 17/24
  5133 | D:9      | Noticed a boulder beetle
  5134 | D:9      | Noticed a radroach
  5134 | D:9      | a boulder beetle changed into a radroach
  5358 | D:9      | Killed a radroach
  5358 | D:9      | Offered knowledge of Mephitic Cloud by Vehumet.
  5367 | D:9      | Learned a level 7 spell: Ozocubu's Refrigeration
  5367 | D:9      | Found a staircase to the Lair.
  5477 | D:9      | Found Gismyguz's Magic Scroll Shoppe.
  5480 | D:9      | Bought a scroll of butterflies for 52 gold pieces
  5480 | D:9      | Bought a scroll of blinking for 97 gold pieces
  5480 | D:9      | Bought a scroll of identify for 26 gold pieces
  5597 | D:9      | Glimpsed the power of Zot.
  5608 | D:10     | Entered Level 10 of the Dungeon
  5615 | D:10     | Learned a level 4 spell: Olgreb's Toxic Radiance
  5681 | D:10     | Reached skill level 10 in Spellcasting
  5724 | D:10     | Found a glowing golden altar of the Shining One.
  5767 | D:10     | Noticed a centaur warrior
  5767 | D:10     | Noticed a centaur warrior
  5767 | D:10     | Noticed an orc knight
  5767 | D:10     | Noticed an ogre mage
  5771 | D:10     | Noticed an ogre mage
  5774 | D:10     | Killed a centaur warrior
  5777 | D:10     | Killed a centaur warrior
  5778 | D:10     | Reached skill level 1 in Poison Magic
  5785 | D:10     | Killed an ogre mage
  5786 | D:10     | Reached XP level 12. HP: 61/89 MP: 4/28
  5789 | D:10     | Killed an ogre mage
  5796 | D:10     | Killed an orc knight
  5798 | D:10     | Found the ring of the Hare {EV+8}
  5811 | D:10     | Identified the +2 scale mail of the Turtledove {Will+}
  5820 | D:10     | Got the Papyrus of the Glacier
  5836 | D:10     | Noticed a two-headed ogre
  5839 | D:10     | Killed a two-headed ogre
  5907 | D:10     | Reached **** piety under Vehumet
  5911 | D:10     | Offered knowledge of Stone Arrow by Vehumet.
  6108 | D:11     | Found a runed translucent gate.
  6108 | D:11     | Found a runed translucent gate.
  6108 | D:11     | Noticed a glowing orange brain
  6110 | D:11     | Found a runed translucent gate.
  6114 | D:11     | Noticed miserystealer's ghost (journeyman TeAE)
  6178 | D:11     | Noticed a five-headed hydra
  6181 | D:11     | Killed a five-headed hydra
  6406 | D:11     | Noticed a six-headed hydra
  6417 | D:11     | Killed a six-headed hydra
  6418 | D:11     | Reached skill level 15 in Ice Magic
  6444 | D:11     | Noticed a four-headed hydra
  6449 | D:11     | Reached ***** piety under Vehumet
  6450 | D:11     | Reached XP level 13. HP: 96/96 MP: 11/30
  6450 | D:11     | Killed a four-headed hydra
  6450 | D:11     | Offered knowledge of Spellforged Servitor by Vehumet.
  6470 | D:11     | Found Tuwoiwk's Distillery.
  6598 | D:11     | Noticed a centaur warrior
  6606 | D:11     | Killed a centaur warrior
  6786 | D:11     | Glimpsed the power of Zot.
  6791 | D:12     | Noticed a seven-headed hydra
  6793 | D:12     | Noticed a four-headed hydra
  6798 | D:12     | Killed a seven-headed hydra
  6907 | D:12     | Killed a four-headed hydra
  6908 | D:12     | Reached skill level 5 in Dodging
  6984 | D:12     | Noticed Snorg
  6996 | D:12     | Killed Snorg
  7008 | D:12     | Noticed a seven-headed hydra
  7012 | D:12     | Killed a seven-headed hydra
  7288 | D:13     | Learned a level 5 spell: Irradiate
  7533 | D:13     | Noticed Lodul
  7541 | D:13     | Killed Lodul
  7542 | D:13     | Reached skill level 1 in Transmutations
  7781 | D:13     | Noticed a centaur warrior
  7784 | D:13     | Killed a centaur warrior
  7896 | Lair:1   | Entered Level 1 of the Lair of Beasts
  7982 | Lair:1   | Reached XP level 14. HP: 105/105 MP: 24/33
  8113 | Lair:1   | Reached skill level 15 in Spellcasting
  8122 | Lair:1   | Reached skill level 5 in Fighting
  8394 | Lair:1   | Glimpsed the power of Zot.
  8528 | Lair:2   | Reached skill level 10 in Long Blades
  8672 | Lair:2   | Noticed a minotaur
  8672 | Lair:2   | Noticed Fuivviy's ghost (journeyman PaAM)
  8688 | Lair:2   | Found a runed translucent gate.
  8688 | Lair:2   | Found a runed translucent gate.
  8688 | Lair:2   | Found a runed translucent gate.
  8704 | Lair:2   | Killed a minotaur
  8726 | Lair:2   | Killed Fuivviy's ghost
  8733 | Lair:2   | Identified the ring of the Townfolk {rC+ Will+ MP+9 Int+2}
  8909 | Lair:2   | Offered knowledge of Iron Shot by Vehumet.
  8912 | Lair:2   | Found a staircase to the Swamp.
  8920 | Lair:2   | Learned a level 6 spell: Iron Shot
  8933 | Swamp:1  | Entered Level 1 of the Swamp
  8943 | Swamp:1  | Reached skill level 1 in Earth Magic
  8976 | Swamp:1  | Reached skill level 5 in Conjurations
  9176 | Swamp:1  | Reached XP level 15. HP: 73/113 MP: 26/36
  9359 | Swamp:2  | Reached skill level 5 in Poison Magic
  9407 | Swamp:2  | Noticed a thorn hunter
  9414 | Swamp:2  | Killed a thorn hunter
  9416 | Swamp:2  | Noticed a fenstrider witch
  9423 | Swamp:2  | Noticed Frances
  9425 | Swamp:2  | Killed a fenstrider witch
  9614 | Swamp:2  | Killed Frances
  9630 | Swamp:2  | Paralysed by a hornet for 2 turns
  9710 | Swamp:2  | Learned a level 5 spell: Borgnjor's Vile Clutch
  9721 | Swamp:3  | Reached skill level 1 in Necromancy
  9738 | Swamp:3  | HP: 5/171 [eight-headed hydra (8)]
  9738 | Swamp:3  | HP: 2/171 [eight-headed hydra (3)]
  9738 | Swamp:3  | Slain by a bog body

Illustrated notes

Levels and vault maps discovered:
D:1:      evilmike_arrival_crescent, layout_loops_ring
D:2:      minmay_razor_zed, layout_basic, nicolae_ecumenical_snake_handling,
          kennysheep_generic_room_3, uniq_jessica
D:3:      layout_loops_cross, mainiacjoe_overflow_boulevard,
          mainiacjoe_overflow_small_starburst, gup_sewer_entry_pipe,
          minivault_19
D:4:      layout_cave_pools, dk_yredelemnul_ordeal,
          nicolae_ru_the_path_less_chosen, kennysheep_generic_room_8, uniq_pikel
D:5:      minmay_chambers_of_threes, layout_loops_ring, lemuel_crystal_altar,
          minmay_temple_entry_gardened_gates, serial_shops, shop, uniq_duvessa
D:6:      layout_rooms
D:7:      layout_cave_pods, grunt_ministairs_2, serial_bayou_crossing
D:8:      layout_rooms, mainiacjoe_overflow_chevrons
D:9:      layout_loops_ring, lair_entry_dummy, serial_shops,
          nicolae_shop_behind_doors
D:10:     minmay_the_grid_octo_2x2 [minmay_the_grid_octo_fat_diamond,
          minmay_the_grid_octo_clover, minmay_the_grid_octo_checkerflower,
          minmay_the_grid_octo_prize_square_snowflake], layout_basic,
          grunt_temple_overflow_opulence, nicolae_overflow_quartered_altars,
          nicolae_tso_carved_into_rock, zombieorc2_lemuel,
          hellmonk_guarded_unrand_salamander
D:11:     layout_loops_ring, gammafunk_ghost_ooze, serial_shops, shop,
          kennysheep_generic_room_7
D:12:     layout_rooms, uniq_snorg
D:13:     layout_loops_ring, chequers_serial_rivers_small_b, uniq_lodul
Temple:   hellmonk_temple_beads
Lair:1:   layout_long_grid, infiniplex_staircase_pool_2, grunt_megastairs_4,
          lemuel_fruit_tree
Lair:2:   layout_misc_corridors, palyth_hydra_swamp_entry,
          maelrawn_ghost_gauntlet_escape, pond, grunt_megastairs_5
Swamp:1:  layout_falls_marsh, evilmike_swamp_ruin_house_5
Swamp:2:  layout_falls_marsh, hangedman_swamp_diagram,
          infiniplex_staircase_pool, uniq_frances
Swamp:3:  layout_basic_swamp, evilmike_swamp_ruin_house_3

Skill      XL: |  1  2  3  4  5  6  7  8  9 10 11 12 13 14 15 |
---------------+----------------------------------------------+-----
Spellcasting   | 3 5 8 11 12 14 16 17 | 17.2
Ice Magic      | 5 6 7 9 11 12 13 14 15 16 17 | 17.2
Conjurations   | 1 2 3 4 6 |  6.2
Evocations     | 2 |  2.0
Long Blades    | 4 6 7 8 9 10 | 10.4
Dodging        | 3 4 5 6 |  6.2
Fighting       | 1 2 3 4 5 |  5.6
Poison Magic   | 1 2 4 5 |  5.1
Transmutations | 1 |  1.6
Earth Magic    | 3 4 |  4.9
Necromancy     | 1 |  1.9
Stealth        | |  1.5

Action                   |  1- 3 |  4- 6 |  7- 9 | 10-12 | 13-15 || total
-------------------------+-------+-------+-------+-------+-------++-------
Melee: Unarmed           |     8 |       |       |       |       ||     8
       Scimitar          |       |    12 |    72 |   151 |   165 ||   400
       Punch             |       |     1 |       |     1 |     2 ||     4
 Cast: Freeze            |    40 |    31 |    24 |    36 |     3 ||   134
       Frozen Ramparts   |     3 |    28 |    18 |    36 |    19 ||   104
       Hailstorm         |       |     9 |     5 |    39 |    11 ||    64
       Ozocubu's Refrige |       |       |       |    21 |    91 ||   112
       Olgreb's Toxic Ra |       |       |       |    14 |    23 ||    37
       Irradiate         |       |       |       |       |    15 ||    15
       Iron Shot         |       |       |       |       |    17 ||    17
       Borgnjor's Vile C |       |       |       |       |     4 ||     4
Evoke: Wand              |       |       |       |     1 |     2 ||     3
  Use: Scroll            |     6 |     7 |     1 |     9 |    10 ||    33
       Potion            |       |     1 |     3 |     3 |    10 ||    17
 Stab: Distracted        |       |       |     1 |       |       ||     1
Armor: Robe              |    13 |    16 |    38 |   103 |    64 ||   234
       Skin              |       |       |       |       |    22 ||    22
Dodge: Dodged            |    22 |    30 |    64 |   165 |   204 ||   485
